[Event "4NCL 2019-20"]
[Site "Daventry"]
[Date "2020.02.29"]
[Round "1"]
[White "Wells, Peter K"]
[Black "Ashton, Adam G"]
[Result "1/2-1/2"]
[ECO "E05"]
[WhiteElo "2390"]
[BlackElo "2379"]
[Annotator "ChessBase"]
[PlyCount "41"]
[EventDate "2020.01.11"]
[EventCountry "ENG"]
[SourceTitle "playchess.com"]
[Source "ChessBase"]
[SourceQuality "1"]
[TimeControl "40/6000:3000+30"]

1. Nf3 d5 2. c4 e6 3. g3 Nf6 4. Bg2 Be7 5. O-O O-O 6. d4 dxc4 7. Qc2 a6 8. Qxc4 b5 9. Qc2 Bb7 10. Bg5 Nbd7 11. Bxf6 Nxf6 12. Nbd2 Rc8 13. Nb3 Be4 14. Qc3 Qd5 15. Rfc1 Rfd8 16. Qa5 Qb7 17. Nc5 Bxc5 18. Rxc5 Qb6 19. Qxb6 cxb6 20. Rcc1 Nd5 21. a3 1/2-1/2

[Event "4NCL 2019-20"]
[Site "Daventry"]
[Date "2020.02.29"]
[Round "1"]
[White "Chow, Samuel"]
[Black "Clarke, Stuart W"]
[Result "1-0"]
[ECO "E17"]
[WhiteElo "2317"]
[BlackElo "2195"]
[Annotator "ChessBase"]
[PlyCount "71"]
[EventDate "2020.01.11"]
[EventCountry "ENG"]
[SourceTitle "playchess.com"]
[Source "ChessBase"]
[SourceQuality "1"]
[TimeControl "40/6000:3000+30"]

1. Nf3 Nf6 2. g3 b6 3. Bg2 Bb7 4. O-O e6 5. c4 Be7 6. d4 O-O 7. d5 exd5 8. Nd4 Nc6 9. cxd5 Nxd4 10. Qxd4 c5 11. Qd3 d6 12. Nc3 Re8 13. Bf4 Nh5 14. Bd2 g6 15. Rad1 Bf6 16. g4 Ng7 17. Ne4 a5 18. Bc3 Be5 19. g5 Ba6 20. Qd2 Nh5 21. Bxe5 Rxe5 22. f4 Re8 23. Rf2 f5 24. gxf6 Nxf6 25. Nxf6+ Qxf6 26. e4 Ra7 27. Re1 Rae7 28. e5 Qf5 29. Be4 Qg4+ 30. Rg2 Qh4 31. e6 Rg7 32. Kh1 Rf8 33. f5 Rf6 34. Qc3 Kf8 35. Rg4 Kg8 36. Rg2 1-0

[Event "4NCL 2019-20"]
[Site "Daventry"]
[Date "2020.02.29"]
[Round "1"]
[White "Webb, Laurence E"]
[Black "Grieve, Harry"]
[Result "1/2-1/2"]
[ECO "D31"]
[WhiteElo "2307"]
[BlackElo "2299"]
[Annotator "ChessBase"]
[PlyCount "61"]
[EventDate "2020.01.11"]
[EventCountry "ENG"]
[SourceTitle "playchess.com"]
[Source "ChessBase"]
[SourceQuality "1"]
[TimeControl "40/6000:3000+30"]

1. d4 d5 2. c4 e6 3. Nc3 c6 4. cxd5 exd5 5. Nf3 Bf5 6. Bg5 Be7 7. Bxe7 Nxe7 8. e3 O-O 9. Be2 Nd7 10. O-O Nc8 11. Rc1 Nd6 12. b4 b5 13. a4 a6 14. Ra1 Qe7 15. Qc1 Bg4 16. h3 Bh5 17. Re1 Nc4 18. e4 dxe4 19. Bxc4 Qxb4 20. Nd2 bxc4 21. Ncxe4 f5 22. Ng5 c3 23. Nf1 Rfe8 24. Ng3 Bg6 25. Ne2 h6 26. Nf3 Bh5 27. Qxc3 Qxc3 28. Nxc3 Bxf3 29. gxf3 Nf6 30. Rxe8+ Rxe8 31. Rb1 1/2-1/2

[Event "4NCL 2019-20"]
[Site "Daventry"]
[Date "2020.02.29"]
[Round "1"]
[White "Delaney, Killian"]
[Black "O'Toole, George E"]
[Result "1/2-1/2"]
[ECO "E14"]
[WhiteElo "2287"]
[BlackElo "2252"]
[Annotator "ChessBase"]
[PlyCount "56"]
[EventDate "2020.01.11"]
[EventCountry "ENG"]
[SourceTitle "playchess.com"]
[Source "ChessBase"]
[SourceQuality "1"]
[TimeControl "40/6000:3000+30"]

1. c4 Nf6 2. Nc3 e6 3. Nf3 d5 4. e3 Be7 5. b3 O-O 6. Bb2 b6 7. cxd5 exd5 8. d4 Bb7 9. Bd3 Nbd7 10. O-O Ne4 11. Qc2 Ndf6 12. Ne5 c5 13. f3 cxd4 14. exd4 Nxc3 15. Qxc3 Rc8 16. Qd2 Ne8 17. Bf5 Rc7 18. Rac1 Nd6 19. Rxc7 Qxc7 20. Rc1 Qd8 21. Bd3 Bg5 22. f4 Bf6 23. Qc2 Ne4 24. Qc7 Qa8 25. Rf1 Qc8 26. Rc1 Qa8 27. Qd7 Bc8 28. Qc7 Bb7 1/2-1/2

[Event "4NCL 2019-20"]
[Site "Daventry"]
[Date "2020.02.29"]
[Round "1"]
[White "Povah, Nigel E"]
[Black "Duncan, Chris R"]
[Result "1/2-1/2"]
[ECO "B13"]
[WhiteElo "2284"]
[BlackElo "2217"]
[Annotator "ChessBase"]
[PlyCount "52"]
[EventDate "2020.01.11"]
[EventCountry "ENG"]
[SourceTitle "playchess.com"]
[Source "ChessBase"]
[SourceQuality "1"]
[TimeControl "40/6000:3000+30"]

1. d4 d5 2. Bf4 c5 3. e3 cxd4 4. exd4 Nc6 5. c3 Bf5 6. Nf3 e6 7. Bd3 Bxd3 8. Qxd3 Bd6 9. Bg3 Nge7 10. Nbd2 Nf5 11. Bxd6 Qxd6 12. O-O O-O 13. Rfe1 Rfd8 14. a4 Rab8 15. g3 Qc7 16. h4 Re8 17. Kg2 Rbd8 18. Rac1 Qd6 19. Ra1 f6 20. Nb3 Re7 21. Rad1 Nh6 22. Re2 Nf7 23. Red2 Nh6 24. Re1 Nf7 25. Red1 Nh6 26. Re1 Nf7 1/2-1/2

[Event "4NCL 2019-20"]
[Site "Daventry"]
[Date "2020.02.29"]
[Round "1"]
[White "Navarro Cia, Miguel"]
[Black "Kanyamarala, Trisha"]
[Result "1/2-1/2"]
[ECO "B67"]
[WhiteElo "2256"]
[BlackElo "2299"]
[Annotator "ChessBase"]
[PlyCount "51"]
[EventDate "2020.01.11"]
[EventCountry "ENG"]
[SourceTitle "playchess.com"]
[Source "ChessBase"]
[SourceQuality "1"]
[TimeControl "40/6000:3000+30"]

1. e4 c5 2. Nf3 d6 3. d4 cxd4 4. Nxd4 Nf6 5. Nc3 Nc6 6. Bg5 e6 7. Qd2 a6 8. O-O-O Bd7 9. f3 Be7 10. h4 h6 11. Be3 h5 12. Bg5 Qc7 13. Kb1 Nxd4 14. Qxd4 b5 15. Bd3 b4 16. Ne2 a5 17. Rhe1 Rb8 18. Qf2 a4 19. Qg3 Qc5 20. Bd2 g6 21. c4 bxc3 22. Bxc3 e5 23. Rc1 Qb6 24. f4 Ng4 25. Bc4 O-O 26. Bd5 1/2-1/2

[Event "4NCL 2019-20"]
[Site "Daventry"]
[Date "2020.02.29"]
[Round "1"]
[White "Dong, Bao Nghia"]
[Black "Ashworth, Michael"]
[Result "1/2-1/2"]
[ECO "A48"]
[WhiteElo "2209"]
[BlackElo "2007"]
[Annotator "ChessBase"]
[PlyCount "87"]
[EventDate "2020.01.11"]
[EventCountry "ENG"]
[SourceTitle "playchess.com"]
[Source "ChessBase"]
[SourceQuality "1"]
[TimeControl "40/6000:3000+30"]

1. d4 Nf6 2. Bf4 g6 3. e3 Bg7 4. h3 O-O 5. Nf3 d6 6. Bc4 Nbd7 7. O-O c5 8. c3 b6 9. a4 a6 10. Nbd2 Bb7 11. Bh2 Ra7 12. b4 Qa8 13. Qb3 Bd5 14. Bxd5 Qxd5 15. c4 Qa8 16. Rfb1 Ne4 17. Nxe4 Qxe4 18. a5 Rb8 19. Nd2 Qa8 20. Qd3 cxd4 21. exd4 b5 22. c5 Qd5 23. Ra3 Qxd4 24. Qxd4 Bxd4 25. cxd6 exd6 26. Rd3 Be5 27. f4 Bg7 28. Rxd6 Rc8 29. f5 Bf8 30. Rd5 Nf6 31. Rd4 Rd7 32. Rxd7 Nxd7 33. fxg6 fxg6 34. Nf3 Nf6 35. Bg3 Nd5 36. Be1 Rc4 37. Ne5 Rd4 38. Nc6 Re4 39. Rd1 Nxb4 40. Bxb4 Bxb4 41. Nxb4 Rxb4 42. Rd6 Ra4 43. Rxa6 b4 44. Rb6 1/2-1/2

[Event "4NCL 2019-20"]
[Site "Daventry"]
[Date "2020.02.29"]
[Round "1"]
[White "Stepanyan, Henrik"]
[Black "Foisor, Mihaela-Veronica"]
[Result "1/2-1/2"]
[ECO "E09"]
[WhiteElo "2198"]
[BlackElo "2211"]
[Annotator "ChessBase"]
[PlyCount "46"]
[EventDate "2020.01.11"]
[EventCountry "ENG"]
[SourceTitle "playchess.com"]
[Source "ChessBase"]
[SourceQuality "1"]
[TimeControl "40/6000:3000+30"]

1. d4 Nf6 2. c4 e6 3. Nf3 d5 4. g3 c6 5. Qc2 Be7 6. Bg2 b6 7. O-O Ba6 8. Nbd2 Nbd7 9. Re1 O-O 10. e4 dxe4 11. Nxe4 Nxe4 12. Rxe4 c5 13. Re1 Rc8 14. d5 exd5 15. cxd5 Nf6 16. Bf4 Bd6 17. Bg5 h6 18. Bxf6 Qxf6 19. Nd2 Bb7 20. Ne4 Qg6 21. Qa4 Bxd5 22. Nxd6 Qxd6 23. Bxd5 Qxd5 1/2-1/2

[Event "4NCL 2019-20"]
[Site "Daventry"]
[Date "2020.02.29"]
[Round "1"]
[White "Bremner, Adam"]
[Black "Willow, Jonah B"]
[Result "1/2-1/2"]
[ECO "B36"]
[WhiteElo "2148"]
[BlackElo "2377"]
[Annotator "ChessBase"]
[PlyCount "66"]
[EventDate "2020.01.11"]
[EventCountry "ENG"]
[SourceTitle "playchess.com"]
[Source "ChessBase"]
[SourceQuality "1"]
[TimeControl "40/6000:3000+30"]

1. e4 c5 2. Nf3 Nc6 3. d4 cxd4 4. Nxd4 g6 5. c4 Nf6 6. Nc3 d6 7. Be2 Nxd4 8. Qxd4 Bg7 9. Bg5 O-O 10. Qd2 a5 11. O-O a4 12. Rad1 Qa5 13. Bxf6 Bxf6 14. Nd5 Qxd2 15. Nxf6+ Kg7 16. Nh5+ gxh5 17. Rxd2 Be6 18. f4 f5 19. exf5 Rxf5 20. Bd3 Rc5 21. Re1 Kf6 22. Rde2 Bxc4 23. Bxc4 Rxc4 24. Rxe7 Rb4 25. h3 h4 26. R7e6+ Kf5 27. Rxd6 Rxb2 28. Rd5+ Kxf4 29. Rd4+ Kf5 30. Rd5+ Kf6 31. Rd6+ Kf5 32. Rd5+ Kf6 33. Rd6+ Kf5 1/2-1/2

[Event "4NCL 2019-20"]
[Site "Daventry"]
[Date "2020.02.29"]
[Round "1"]
[White "Ledger, Dave J"]
[Black "Ciuksyte, Dagne"]
[Result "0-1"]
[ECO "B41"]
[WhiteElo "2135"]
[BlackElo "2295"]
[Annotator "ChessBase"]
[PlyCount "70"]
[EventDate "2020.01.11"]
[EventCountry "ENG"]
[SourceTitle "playchess.com"]
[Source "ChessBase"]
[SourceQuality "1"]
[TimeControl "40/6000:3000+30"]

1. e4 c5 2. Nf3 e6 3. d4 cxd4 4. Nxd4 a6 5. c4 Nf6 6. Nc3 Qc7 7. Be2 b6 8. f4 Bb4 9. Qd3 Bb7 10. e5 Ne4 11. O-O Bxc3 12. bxc3 d6 13. exd6 Qxd6 14. Bf3 f5 15. a4 Nd7 16. Ba3 Ndc5 17. Qe3 O-O 18. a5 e5 19. fxe5 Qxe5 20. Rab1 Rad8 21. Rxb6 Rf7 22. Rfb1 f4 23. Qe2 Rxd4 24. cxd4 Qxd4+ 25. Kf1 Nd2+ 26. Qxd2 Qxd2 27. Bxc5 Rc7 28. Rxb7 Rxc5 29. Rd1 Qxa5 30. Rdd7 Qa1+ 31. Kf2 Rc8 32. Bd5+ Kh8 33. c5 Qd4+ 34. Kf1 Qxc5 35. Rbc7 Qxc7 0-1

[Event "4NCL 2019-20"]
[Site "Daventry"]
[Date "2020.02.29"]
[Round "1"]
[White "Walton, Alan J"]
[Black "Townsend, M Paul"]
[Result "0-1"]
[ECO "D36"]
[WhiteElo "2123"]
[BlackElo "2217"]
[Annotator "ChessBase"]
[PlyCount "68"]
[EventDate "2020.01.11"]
[EventCountry "ENG"]
[SourceTitle "playchess.com"]
[Source "ChessBase"]
[SourceQuality "1"]
[TimeControl "40/6000:3000+30"]

1. d4 d5 2. c4 e6 3. Nc3 Nf6 4. cxd5 exd5 5. Bg5 c6 6. Qc2 Be7 7. e3 Nbd7 8. Bd3 h6 9. Bh4 Nh5 10. Bxe7 Qxe7 11. O-O-O Nb6 12. h3 Nf6 13. Nf3 Be6 14. Na4 Nxa4 15. Qxa4 O-O 16. Kb1 Ne4 17. Qc2 Rac8 18. Ne5 Rfd8 19. f3 Nf6 20. g4 c5 21. Qd2 c4 22. Bc2 Rd6 23. h4 Nd7 24. Qb4 c3 25. b3 a5 26. Qa3 a4 27. f4 axb3 28. axb3 Qf8 29. f5 Ra8 30. Nxd7 Bxd7 31. Qc5 Rc8 32. Qb4 Rcc6 33. Bd3 c2+ 34. Bxc2 Rxc2 0-1

[Event "4NCL 2019-20"]
[Site "Daventry"]
[Date "2020.02.29"]
[Round "1"]
[White "Steil-Antoni, Fiona"]
[Black "Dahl, Baard"]
[Result "0-1"]
[ECO "C45"]
[WhiteElo "2121"]
[BlackElo "2078"]
[Annotator "ChessBase"]
[PlyCount "84"]
[EventDate "2020.01.11"]
[EventCountry "ENG"]
[SourceTitle "playchess.com"]
[Source "ChessBase"]
[SourceQuality "1"]
[TimeControl "40/6000:3000+30"]

1. e4 e5 2. Nf3 Nc6 3. d4 exd4 4. Nxd4 Qf6 5. Nb5 Bc5 6. Qe2 Bb6 7. N1c3 Nge7 8. Nd5 Nxd5 9. exd5+ Kd8 10. h4 h6 11. dxc6 Re8 12. Be3 Qxb2 13. Rd1 bxc6 14. Qf3 Ba5+ 15. c3 cxb5 16. Be2 Qxc3+ 17. Kf1 Rb8 18. Qxf7 Qe5 19. Bh5 Bc3 20. Qxe8+ Qxe8 21. Bxe8 Kxe8 22. Bxa7 Ra8 23. Rh3 b4 24. Bd4 Bxd4 25. Rxd4 c5 26. Re3+ Kd8 27. Rd5 Ra5 28. Kg1 Kc7 29. Re7 Kc6 30. Rd2 c4 31. Rxg7 c3 32. Rc2 Ba6 33. Rg3 Bc4 34. Rg6+ Kc5 35. Rxh6 Ra4 36. Rc1 Rxa2 37. Rh8 c2 38. Rg8 b3 39. Rc8+ Kd4 40. h5 d5 41. Rb8 Rb2 42. h6 Rb1 0-1

[Event "4NCL 2019-20"]
[Site "Daventry"]
[Date "2020.02.29"]
[Round "1"]
[White "Brett, Andrew R"]
[Black "Murray, David"]
[Result "1-0"]
[ECO "B41"]
[WhiteElo "2079"]
[BlackElo "2145"]
[Annotator "ChessBase"]
[PlyCount "61"]
[EventDate "2020.01.11"]
[EventCountry "ENG"]
[SourceTitle "playchess.com"]
[Source "ChessBase"]
[SourceQuality "1"]
[TimeControl "40/6000:3000+30"]

1. e4 c5 2. Nf3 e6 3. d4 cxd4 4. Nxd4 a6 5. c4 Qc7 6. Nc3 Nf6 7. a3 Nc6 8. Be3 Ne5 9. Be2 h5 10. h3 d6 11. Rc1 b6 12. f4 Ned7 13. O-O Bb7 14. f5 e5 15. Nd5 Qd8 16. Ne6 fxe6 17. fxe6 Bxd5 18. exd7+ Qxd7 19. exd5 Be7 20. Qc2 Bd8 21. Bd3 Rb8 22. Bg6+ Ke7 23. Bg5 b5 24. c5 b4 25. Kh1 Bc7 26. c6 Qc8 27. Rf5 Rb5 28. Rcf1 Qg8 29. Rxf6 gxf6 30. Bxf6+ Kf8 31. Bxh8+ 1-0

[Event "4NCL 2019-20"]
[Site "Daventry"]
[Date "2020.02.29"]
[Round "1"]
[White "Ackley, Peter J E"]
[Black "Sygnowski, Tomasz"]
[Result "1/2-1/2"]
[ECO "A07"]
[WhiteElo "2002"]
[BlackElo "2185"]
[Annotator "ChessBase"]
[PlyCount "82"]
[EventDate "2020.01.11"]
[EventCountry "ENG"]
[SourceTitle "playchess.com"]
[Source "ChessBase"]
[SourceQuality "1"]
[TimeControl "40/6000:3000+30"]

1. g3 d5 2. Nf3 Nc6 3. Bg2 e5 4. d3 h6 5. O-O Nf6 6. c3 a5 7. Qc2 Be6 8. Nbd2 Be7 9. b3 O-O 10. a3 Nd7 11. Bb2 f5 12. c4 d4 13. e3 Bf6 14. exd4 exd4 15. b4 axb4 16. axb4 Rxa1 17. Bxa1 Nxb4 18. Qb3 Na6 19. Nxd4 Bxd4 20. Bxd4 Ndc5 21. Bxc5 Nxc5 22. Qc3 Qxd3 23. Qxd3 Nxd3 24. Bxb7 Rb8 25. Rb1 Nc5 26. Bd5 Rxb1+ 27. Nxb1 Bxd5 28. cxd5 Kf7 29. Nc3 Ke7 30. Nb5 Kd7 31. Nd4 g6 32. h4 f4 33. gxf4 Kd6 34. f5 g5 35. hxg5 hxg5 36. Nb5+ Kxd5 37. Nxc7+ Ke5 38. Ne6 Ne4 39. Nxg5 Nxg5 40. f4+ Kxf5 41. fxg5 Kxg5 1/2-1/2

[Event "4NCL 2019-20"]
[Site "Daventry"]
[Date "2020.02.29"]
[Round "1"]
[White "York-Weaving, Anna"]
[Black "Taylor, Martin R"]
[Result "0-1"]
[ECO "C86"]
[WhiteElo "1739"]
[BlackElo "2345"]
[Annotator "ChessBase"]
[PlyCount "50"]
[EventDate "2020.01.11"]
[EventCountry "ENG"]
[SourceTitle "playchess.com"]
[Source "ChessBase"]
[SourceQuality "1"]
[TimeControl "40/6000:3000+30"]

1. e4 e5 2. Nf3 Nc6 3. Bb5 a6 4. Ba4 Nf6 5. Qe2 b5 6. Bb3 Be7 7. c3 O-O 8. O-O d5 9. exd5 Nxd5 10. d3 Bb7 11. Rd1 Re8 12. Be3 h6 13. Nbd2 Bf8 14. Nf1 Na5 15. Bc2 Nf4 16. Bxf4 exf4 17. Qd2 Bxf3 18. gxf3 Qg5+ 19. Kh1 Re6 20. d4 Nc4 21. Qc1 Re2 22. Nd2 Rxf2 23. Rg1 Rxh2+ 24. Kxh2 Qh4+ 25. Kg2 Ne3# {[%emt 0:00:54] Qd1} 0-1

[Event "4NCL 2019-20"]
[Site "Daventry"]
[Date "2020.03.01"]
[Round "2"]
[White "Jackson, James P"]
[Black "Houska, Jovanka"]
[Result "1-0"]
[ECO "B12"]
[WhiteElo "2392"]
[BlackElo "2401"]
[Annotator "ChessBase"]
[PlyCount "83"]
[EventDate "2020.01.11"]
[EventCountry "ENG"]
[SourceTitle "playchess.com"]
[Source "ChessBase"]
[SourceQuality "1"]
[TimeControl "40/6000:3000+30"]

1. e4 c6 2. d4 d5 3. e5 Bf5 4. h4 h5 5. Bd3 Bxd3 6. Qxd3 Qa5+ 7. Nd2 e6 8. Ne2 Nh6 9. Ng3 Qa6 10. c4 c5 11. dxc5 Nc6 12. O-O Bxc5 13. Nf3 Qxc4 14. Qxc4 dxc4 15. Bxh6 Rxh6 16. Rfc1 Na5 17. b3 Ba3 18. Rc2 b5 19. Rb1 a6 20. Ne4 Rg6 21. g3 Be7 22. Nfg5 Rd8 23. Kg2 Rd3 24. f4 f6 25. Nf3 Nc6 26. bxc4 b4 27. Rb3 Rxf3 28. Rxf3 Nd4 29. Rd2 Nxf3 30. Kxf3 fxe5 31. fxe5 Rg4 32. c5 Rxe4 33. Kxe4 Bxc5 34. Rc2 Bg1 35. Rc6 Kf7 36. Rxa6 Bf2 37. Kf4 Bd4 38. Rd6 Bb2 39. Rd7+ Kf8 40. Rc7 Bc3 41. Rxc3 bxc3 42. Ke3 1-0

[Event "4NCL 2019-20"]
[Site "Daventry"]
[Date "2020.03.01"]
[Round "2"]
[White "Macklin, Paul"]
[Black "Hill, Alistair"]
[Result "1/2-1/2"]
[ECO "B22"]
[WhiteElo "2341"]
[BlackElo "2217"]
[Annotator "ChessBase"]
[PlyCount "27"]
[EventDate "2020.01.11"]
[EventCountry "ENG"]
[SourceTitle "playchess.com"]
[Source "ChessBase"]
[SourceQuality "1"]
[TimeControl "40/6000:3000+30"]

1. e4 c5 2. Nf3 Nc6 3. c3 Nf6 4. e5 Nd5 5. d4 cxd4 6. cxd4 d6 7. Bc4 dxe5 8. dxe5 Ndb4 9. Qe2 Bf5 10. O-O Bd3 11. Bxd3 Qxd3 12. Qxd3 Nxd3 13. e6 fxe6 14. Ng5 1/2-1/2

[Event "4NCL 2019-20"]
[Site "Daventry"]
[Date "2020.03.01"]
[Round "2"]
[White "O'Donnell, Conor"]
[Black "Lauterbach, Ingrid"]
[Result "1-0"]
[ECO "E60"]
[WhiteElo "2307"]
[BlackElo "2051"]
[Annotator "ChessBase"]
[PlyCount "86"]
[EventDate "2020.01.11"]
[EventCountry "ENG"]
[SourceTitle "playchess.com"]
[Source "ChessBase"]
[SourceQuality "1"]
[TimeControl "40/6000:3000+30"]

1. d4 f5 2. g3 g6 3. Bg2 Nf6 4. Nf3 Bg7 5. O-O O-O 6. c4 d6 7. b3 Ne4 8. Bb2 c5 9. Qc2 Nc6 10. Rd1 cxd4 11. Nxd4 Qb6 12. e3 Bd7 13. Nd2 Nxd4 14. Bxd4 Bxd4 15. exd4 Nf6 16. c5 dxc5 17. dxc5 Qc7 18. b4 f4 19. Qc4+ Kg7 20. Qxf4 Qxf4 21. gxf4 Bc6 22. Bxc6 bxc6 23. Nb3 Nd5 24. Nd4 Rf6 25. Nxc6 Nxf4 26. Nxe7 Nh3+ 27. Kg2 Nxf2 28. Rd7 Ne4 29. Nd5+ Rf7 30. Rxf7+ Kxf7 31. Rf1+ Kg7 32. Re1 Rd8 33. Rxe4 Rxd5 34. Re7+ Kf6 35. Rxa7 Rd2+ 36. Kg3 h5 37. c6 h4+ 38. Kf3 Rxh2 39. b5 Rc2 40. Rh7 g5 41. b6 Kf5 42. b7 Rb2 43. c7 Rb1 {[%emt 0:00:02] Ke4+} 1-0

[Event "4NCL 2019-20"]
[Site "Daventry"]
[Date "2020.03.01"]
[Round "2"]
[White "Grieve, Harry"]
[Black "Delaney, Killian"]
[Result "1/2-1/2"]
[ECO "B12"]
[WhiteElo "2299"]
[BlackElo "2287"]
[Annotator "ChessBase"]
[PlyCount "57"]
[EventDate "2020.01.11"]
[EventCountry "ENG"]
[SourceTitle "playchess.com"]
[Source "ChessBase"]
[SourceQuality "1"]
[TimeControl "40/6000:3000+30"]

1. e4 c6 2. d4 d5 3. e5 Bf5 4. h4 c5 5. Nc3 cxd4 6. Qxd4 Nc6 7. Bb5 a6 8. Bxc6+ bxc6 9. g4 Bd7 10. h5 e6 11. Na4 c5 12. Nxc5 Qa5+ 13. b4 Bxc5 14. Qxc5 Qa4 15. Be3 Rc8 16. Qd6 Rc6 17. Qb8+ Rc8 18. Qd6 Rc6 19. Qb8+ Rc8 20. Qb6 Nh6 21. Bc5 Qxc2 22. Rh3 Qb2 23. Rd1 Qxe5+ 24. Re3 Qb8 25. Qxa6 Rxc5 26. bxc5 Qb4+ 27. Rd2 Qb1+ 28. Rd1 Qb4+ 29. Rd2 1/2-1/2

[Event "4NCL 2019-20"]
[Site "Daventry"]
[Date "2020.03.01"]
[Round "2"]
[White "House, Glenn L"]
[Black "Stewart, Ashley"]
[Result "1/2-1/2"]
[ECO "A05"]
[WhiteElo "2239"]
[BlackElo "2152"]
[Annotator "ChessBase"]
[PlyCount "86"]
[EventDate "2020.01.11"]
[EventCountry "ENG"]
[SourceTitle "playchess.com"]
[Source "ChessBase"]
[SourceQuality "1"]
[TimeControl "40/6000:3000+30"]

1. Nf3 Nf6 2. g3 g6 3. Bg2 Bg7 4. O-O O-O 5. d3 d6 6. e4 c5 7. c3 Nc6 8. Re1 e5 9. a3 Rb8 10. b4 b5 11. Nbd2 Qe7 12. Rb1 Nd7 13. Nf1 a5 14. Ne3 cxb4 15. Nd5 Qd8 16. axb4 axb4 17. cxb4 Re8 18. Qc2 Ne7 19. Nc7 Rf8 20. Bg5 Nf6 21. Rec1 Bg4 22. Ra1 Rb7 23. Ra3 Qd7 24. Rc3 h6 25. Be3 Bh3 26. Qa2 Rc8 27. Qa5 Kh7 28. Bb6 Rcb8 29. Ba7 Bxg2 30. Kxg2 Rc8 31. Bb6 Rcb8 32. Ba7 Rc8 33. Bb6 Rcb8 34. Be3 Ng4 35. Ba7 Rc8 36. h3 Nf6 37. Bb6 Rcb8 38. Ba7 Rc8 39. Be3 Nh5 40. Bb6 Rcb8 41. Ba7 Rc8 42. Bb6 Rcb8 43. Ba7 Rc8 1/2-1/2

[Event "4NCL 2019-20"]
[Site "Daventry"]
[Date "2020.03.01"]
[Round "2"]
[White "Mitchell, Martin"]
[Black "Lee, Richard W Y"]
[Result "1-0"]
[ECO "D41"]
[WhiteElo "2207"]
[BlackElo "2130"]
[Annotator "ChessBase"]
[PlyCount "77"]
[EventDate "2020.01.11"]
[EventCountry "ENG"]
[SourceTitle "playchess.com"]
[Source "ChessBase"]
[SourceQuality "1"]
[TimeControl "40/6000:3000+30"]

1. d4 e6 2. c4 Nf6 3. Nc3 d5 4. Nf3 c5 5. cxd5 Nxd5 6. e3 cxd4 7. exd4 Nxc3 8. bxc3 Qc7 9. c4 Bb4+ 10. Bd2 Bxd2+ 11. Qxd2 O-O 12. Bd3 Nd7 13. Qe3 Qb6 14. Ke2 Nf6 15. Rhb1 Qc7 16. Ne5 Rd8 17. g4 Nd7 18. f4 Rb8 19. Kf2 Nxe5 20. fxe5 b6 21. Rg1 Qd7 22. Rad1 Qa4 23. Rd2 Ba6 24. Qe4 g6 25. Rc1 Bb7 26. Qe3 Qc6 27. Kg3 Rd7 28. Bf1 Rbd8 29. Bg2 Qa4 30. Bxb7 Rxb7 31. d5 exd5 32. cxd5 Qe8 33. d6 Rc8 34. Rxc8 Qxc8 35. e6 fxe6 36. d7 Qd8 37. Qxe6+ Kg7 38. Qe5+ Kh6 39. g5+ 1-0

[Event "4NCL 2019-20"]
[Site "Daventry"]
[Date "2020.03.01"]
[Round "2"]
[White "Melaugh, Shane"]
[Black "Walton, Alan J"]
[Result "0-1"]
[ECO "A96"]
[WhiteElo "2180"]
[BlackElo "2123"]
[Annotator "ChessBase"]
[PlyCount "82"]
[EventDate "2020.01.11"]
[EventCountry "ENG"]
[SourceTitle "playchess.com"]
[Source "ChessBase"]
[SourceQuality "1"]
[TimeControl "40/6000:3000+30"]

1. c4 f5 2. d4 Nf6 3. g3 e6 4. Bg2 Be7 5. Nf3 d6 6. O-O O-O 7. Nc3 Ne4 8. a4 Nxc3 9. bxc3 Nc6 10. a5 Qe8 11. Qb3 Rb8 12. d5 Nd8 13. Nd4 a6 14. f4 e5 15. Nf3 Nf7 16. Re1 Bf6 17. e4 fxe4 18. Rxe4 Bf5 19. Re1 Qd7 20. c5 exf4 21. Bxf4 dxc5 22. Rac1 Nd6 23. c4 Rfe8 24. Be5 Qf7 25. Qe3 Bg4 26. Qf4 Bxf3 27. Bxf3 Bxe5 28. Rxe5 Rxe5 29. Qxe5 Qxf3 30. Qe6+ Qf7 31. Qg4 Rf8 32. Qe2 Qf6 33. Kg2 h6 34. Rc2 Nf5 35. Rb2 Ne3+ 36. Kh3 Qf5+ 37. g4 Qf3+ 38. Qxf3 Rxf3+ 39. Kh4 g5+ 40. Kh5 Kg7 41. h4 Rh3 0-1

[Event "4NCL 2019-20"]
[Site "Daventry"]
[Date "2020.03.01"]
[Round "2"]
[White "Gallagher, Daniel GH"]
[Black "Lund, D Brett"]
[Result "1/2-1/2"]
[ECO "B20"]
[WhiteElo "2171"]
[BlackElo "2265"]
[Annotator "ChessBase"]
[PlyCount "39"]
[EventDate "2020.01.11"]
[EventCountry "ENG"]
[SourceTitle "playchess.com"]
[Source "ChessBase"]
[SourceQuality "1"]
[TimeControl "40/6000:3000+30"]

1. e4 c5 2. a3 e6 3. b4 b6 4. Nf3 Bb7 5. bxc5 Bxe4 6. cxb6 axb6 7. Nc3 Bb7 8. d4 Nf6 9. Bd3 Be7 10. O-O O-O 11. Nb5 Nc6 12. Bf4 d6 13. c4 Rc8 14. d5 Ne5 15. Nxe5 dxe5 16. Bxe5 exd5 17. Qf3 dxc4 18. Qxb7 cxd3 19. Na7 Nd7 20. Nxc8 1/2-1/2

[Event "4NCL 2019-20"]
[Site "Daventry"]
[Date "2020.03.01"]
[Round "2"]
[White "Granat, Russell G"]
[Black "Murray, David"]
[Result "1/2-1/2"]
[ECO "B59"]
[WhiteElo "2170"]
[BlackElo "2145"]
[Annotator "NA"]
[PlyCount "31"]
[EventDate "2020.01.11"]
[EventCountry "ENG"]
[SourceTitle "playchess.com"]
[Source "ChessBase"]
[SourceQuality "1"]
[TimeControl "40/6000:3000+30"]

1. e4 c5 2. Nc3 Nc6 3. Nf3 d6 4. d4 cxd4 5. Nxd4 Nf6 6. Be2 e5 7. Nb3 Be7 8. O-O O-O 9. Be3 a5 10. a4 Nb4 11. Nd5 Nfxd5 12. exd5 Bf5 13. Rc1 Na2 14. Ra1 Nb4 15. Rc1 Na2 16. Ra1 1/2-1/2

[Event "4NCL 2019-20"]
[Site "Daventry"]
[Date "2020.03.01"]
[Round "2"]
[White "French, Max"]
[Black "Bates, Richard A"]
[Result "1/2-1/2"]
[ECO "E91"]
[WhiteElo "2168"]
[BlackElo "2351"]
[Annotator "ChessBase"]
[PlyCount "39"]
[EventDate "2020.01.11"]
[EventCountry "ENG"]
[SourceTitle "playchess.com"]
[Source "ChessBase"]
[SourceQuality "1"]
[TimeControl "40/6000:3000+30"]

1. d4 Nf6 2. c4 g6 3. Nc3 Bg7 4. e4 d6 5. Be2 O-O 6. Be3 Na6 7. Nf3 c5 8. d5 Qb6 9. Rb1 Ng4 10. Bg5 f5 11. O-O h6 12. Bd2 fxe4 13. Nxe4 Bf5 14. Bd3 Nb4 15. Bc3 Nxd3 16. Qxd3 Nf6 17. Nfd2 Qc7 18. Rfe1 Rae8 19. h3 e5 20. dxe6 1/2-1/2

[Event "4NCL 2019-20"]
[Site "Daventry"]
[Date "2020.03.01"]
[Round "2"]
[White "Robertson, J Stuart"]
[Black "Ivell, Nicholas W"]
[Result "1/2-1/2"]
[ECO "D30"]
[WhiteElo "2157"]
[BlackElo "2177"]
[Annotator "ChessBase"]
[PlyCount "46"]
[EventDate "2020.01.11"]
[EventCountry "ENG"]
[SourceTitle "playchess.com"]
[Source "ChessBase"]
[SourceQuality "1"]
[TimeControl "40/6000:3000+30"]

1. d4 d5 2. c4 e6 3. Nf3 c5 4. cxd5 exd5 5. g3 Nc6 6. Bg2 Nf6 7. O-O Be7 8. dxc5 Bxc5 9. Qc2 Bb6 10. Nc3 O-O 11. Na4 Bc7 12. Be3 Re8 13. Qd3 h6 14. Rac1 Bd6 15. a3 Bg4 16. Bc5 Bxc5 17. Nxc5 Qe7 18. Rfe1 Rad8 19. Nd4 Ne5 20. Qb5 Bc8 21. Nd3 Nxd3 22. Qxd3 Ne4 23. e3 a6 1/2-1/2